NWL (28 & UNDER)
CASPER GHOSTS @ MENLO MANIACS
08/17/2030
 
TOP OF THE 1ST
Casper Ghosts batting - Pitching for Menlo Maniacs : RHP Ronnie Jefferson
Pitching: RHP Ronnie Jefferson
Batting: RHB Jorge Calderón 0-0: Foul Ball, location: 2F
0-1: Ball
1-1: Ball
2-1: Ball
3-1: Base on Balls
Batting: RHB Miguel Toro 0-0: Foul Ball, location: 2F
0-1: Ball
1-1: Ball
2-1: Ball
3-1: Base on Balls
Jorge Calderón to second
Batting: LHB Luis Rodríguez 0-0: Ball
1-0: Ball
2-0: Swinging Strike
2-1: Ball
3-1: Grounds into double play, 4-6-3 (Groundball, 34)
Jorge Calderón to third
Batting: RHB Jerry Browning 0-0: Ball
1-0: SINGLE (Line Drive, 7LS)
Jorge Calderón scores
Batting: SHB Esteban Aliaga 0-0: SINGLE (Line Drive, 56)
Jerry Browning to second
Batting: RHB Tommy Allen 0-0: Ball
1-0: Ball
2-0: SINGLE (Flyball, 89S)
Jerry Browning to third
Esteban Aliaga to second
Batting: SHB Jacob Wilcox 0-0: Ball
1-0: Fielders Choice at 2nd, 5-4 (Groundball, 56)
Top of the 1st over - 1 run, 3 hits, 0 errors, 3 left on base; Casper 1 - Menlo 0
BOTTOM OF THE 1ST
Menlo Maniacs batting - Pitching for Casper Ghosts : LHP Sam Olson
Pitching: LHP Sam Olson
Batting: RHB Joe Smith 0-0: Called Strike
0-1: Ball
1-1: Called Strike
1-2: Strikes out swinging
Batting: RHB Jimmy Skinner 0-0: Foul Ball, location: 2F
0-1: Ball
1-1: Ball
2-1: Called Strike
2-2: Foul Ball, location: 2F
2-2: Ball
3-2: SINGLE (Groundball, 56D)
Batting: LHB Tim Ramsey 0-0: Ball
1-0: Ball
2-0: Ball
3-0: Called Strike
3-1: Base on Balls
Jimmy Skinner to second
Batting: LHB Marcos Vázquez 0-0: Foul Ball, location: 2F
0-1: Called Strike
0-2: Foul Ball, location: 2F
0-2: Strikes out swinging
Batting: LHB Dave Lee 0-0: Ball
1-0: Ground out 4-3 (Groundball, 4S)
Bottom of the 1st over - 0 runs, 1 hit, 0 errors, 2 left on base; Casper 1 - Menlo 0
TOP OF THE 2ND
Casper Ghosts batting - Pitching for Menlo Maniacs : RHP Ronnie Jefferson
Batting: RHB Troy Reed 0-0: Ball
1-0: Foul Ball, location: 2F
1-1: Ball
2-1: Called Strike
2-2: Ball
3-2: SINGLE (Groundball, 6MD)
Batting: RHB Henry Morris 0-0: Called Strike
0-1: Ball
1-1: SINGLE (Groundball, 6MD)
Troy Reed to second
Runner from 2nd tries for 3rd, SAFE, no throw
Batting: RHB Jorge Calderón 0-0: Swinging Strike
0-1: Ball
1-1: Ball
2-1: Foul Ball, location: 2F
2-2: Ball
3-2: Base on Balls
Henry Morris to second
Batting: RHB Miguel Toro 0-0: Ball
1-0: Foul Ball, location: 2F
1-1: Ball
2-1: Ball
3-1: Base on Balls
Troy Reed scores
Henry Morris to third
Jorge Calderón to second
Batting: LHB Luis Rodríguez 0-0: Called Strike
0-1: Ball
1-1: Swinging Strike
1-2: Reached on error, E4 (Groundball, 4)
Henry Morris scores
Jorge Calderón to third
Miguel Toro to second
Batting: RHB Jerry Browning 0-0: Ball
1-0: Called Strike
1-1: Swinging Strike
1-2: Fly out, F8 (Flyball, 8RD)
Runner from 3rd tags up, SCORES, throw made
Batting: SHB Esteban Aliaga 0-0: Ball
1-0: DOUBLE (Line Drive, 8LD)
Miguel Toro scores
Luis Rodríguez to third
Batting: RHB Tommy Allen 0-0: Foul Ball, location: 2F
0-1: Called Strike
0-2: Ground out 4-3 (Groundball, 4)
Luis Rodríguez scores
Esteban Aliaga to third
Batting: SHB Jacob Wilcox 0-0: Called Strike
0-1: Fly out, F8 (Flyball, 8LD)
Top of the 2nd over - 5 runs, 3 hits, 1 error, 1 left on base; Casper 6 - Menlo 0
BOTTOM OF THE 2ND
Menlo Maniacs batting - Pitching for Casper Ghosts : LHP Sam Olson
Batting: RHB José Méndez 0-0: Ball
1-0: Called Strike
1-1: Foul Ball, location: 2F
1-2: Ball
2-2: Foul Ball, location: 2F
2-2: Strikes out swinging
Batting: LHB Ken Smith 0-0: Ball
1-0: SINGLE (Line Drive, 6MD)
Batting: RHB Dani Torres 0-0: Grounds into double play, 5-4-3 (Groundball, 56)
Bottom of the 2nd over - 0 runs, 1 hit, 0 errors, 0 left on base; Casper 6 - Menlo 0
TOP OF THE 3RD
Casper Ghosts batting - Pitching for Menlo Maniacs : RHP Ronnie Jefferson
Batting: RHB Troy Reed 0-0: Swinging Strike
0-1: Called Strike
0-2: Ground out 6-3 (Groundball, 6)
Batting: RHB Henry Morris 0-0: Ball
1-0: Called Strike
1-1: Ball
2-1: Foul Ball, location: 2F
2-2: Ball
3-2: Foul Ball, location: 2F
3-2: Ground out U3 (Groundball, 34S)
Batting: RHB Jorge Calderón 0-0: Called Strike
0-1: Ball
1-1: Called Strike
1-2: Strikes out looking
Top of the 3rd over - 0 runs, 0 hits, 0 errors, 0 left on base; Casper 6 - Menlo 0
BOTTOM OF THE 3RD
Menlo Maniacs batting - Pitching for Casper Ghosts : LHP Sam Olson
Batting: RHB Glenn Carter 0-0: Foul Ball, location: 2F
0-1: Called Strike
0-2: Fly out, F4 (Popup, 4M)
Batting: RHB Joe Smith 0-0: Called Strike
0-1: Swinging Strike
0-2: Foul Ball, location: 2F
0-2: Ground out 4-3 (Groundball, 4)
Batting: RHB Jimmy Skinner 0-0: Called Strike
0-1: Ball
1-1: Swinging Strike
1-2: Ball
2-2: Ball
3-2: Strikes out looking
Bottom of the 3rd over - 0 runs, 0 hits, 0 errors, 0 left on base; Casper 6 - Menlo 0
TOP OF THE 4TH
Casper Ghosts batting - Pitching for Menlo Maniacs : RHP Ronnie Jefferson
Batting: RHB Miguel Toro 0-0: Ground out 6-3 (Groundball, 6S)
Batting: LHB Luis Rodríguez 0-0: Ball
1-0: Foul Ball, location: 2F
1-1: Ball
2-1: Ball
3-1: Called Strike
3-2: Strikes out looking
Batting: RHB Jerry Browning 0-0: Ball
1-0: Foul Ball, location: 2F
1-1: Foul Ball, location: 2F
1-2: Ball
2-2: Ball
3-2: Foul Ball, location: 2F
3-2: Base on Balls
Batting: SHB Esteban Aliaga 0-0: Ball
1-0: Ground out 4-3 (Groundball, 34)
Top of the 4th over - 0 runs, 0 hits, 0 errors, 1 left on base; Casper 6 - Menlo 0
BOTTOM OF THE 4TH
Menlo Maniacs batting - Pitching for Casper Ghosts : LHP Sam Olson
Batting: LHB Tim Ramsey 0-0: Ball
1-0: SINGLE (Groundball, 34D)
Batting: LHB Marcos Vázquez 0-0: Called Strike
0-1: Ball
1-1: Ball
Tim Ramsey is caught stealing 2nd base
2-1: Swinging Strike
2-2: DOUBLE (Line Drive, 9LM)
Batting: LHB Dave Lee 0-0: Called Strike
0-1: Ball
1-1: Ball
2-1: Foul Ball, location: 2F
2-2: Ball
3-2: Strikes out swinging
Batting: RHB José Méndez 0-0: Called Strike
0-1: Ball
1-1: 2-RUN HOME RUN (Line Drive, 7LD), Distance : 345 ft
Batting: LHB Ken Smith 0-0: Called Strike
0-1: Ball
1-1: Swinging Strike
1-2: DOUBLE (Line Drive, 9D)
Batting: RHB Dani Torres 0-0: Called Strike
0-1: Ball
1-1: Ground out 5-3 (Groundball, 56)
Bottom of the 4th over - 2 runs, 4 hits, 0 errors, 1 left on base; Casper 6 - Menlo 2
TOP OF THE 5TH
Casper Ghosts batting - Pitching for Menlo Maniacs : RHP Ronnie Jefferson
Pitching: RHP Wayne Todd
Batting: RHB Tommy Allen 0-0: SOLO HOME RUN (Line Drive, 7LD), Distance : 363 ft
Batting: SHB Jacob Wilcox 0-0: Called Strike
0-1: Ball
1-1: Ball
2-1: SOLO HOME RUN (Flyball, 9D), Distance : 394 ft
Batting: RHB Troy Reed 0-0: Called Strike
0-1: Ball
1-1: Ball
2-1: Ball
3-1: Base on Balls
Batting: RHB Henry Morris 0-0: Ball
1-0: Hit by Pitch
Troy Reed to second
Batting: RHB Jorge Calderón 0-0: Ball
1-0: Ball
2-0: Called Strike
2-1: Foul Ball, location: 2F
2-2: Foul Ball, location: 2F
2-2: Ball
3-2: Base on Balls
Troy Reed to third
Henry Morris to second
Batting: RHB Miguel Toro 0-0: SINGLE (Line Drive, 56)
Troy Reed scores
Henry Morris to third
Jorge Calderón to second
Runner from 3rd tries for Home, SAFE, no throw
Batting: LHB Luis Rodríguez 0-0: Ball
1-0: Foul Ball, location: 2F
1-1: Ball
2-1: Ball
3-1: Foul Ball, location: 2F
3-2: Foul Ball, location: 2F
3-2: Fly out, F7 (Flyball, 7)
Batting: RHB Jerry Browning 0-0: Ball
1-0: Called Strike
Jorge Calderón is caught stealing 3rd base
Miguel Toro to second
1-1: Ball
2-1: Called Strike
2-2: SINGLE (Groundball, 56D)
Miguel Toro to third
Runner from 3rd tries for Home, SAFE, no throw
Batting: SHB Esteban Aliaga 0-0: Ball
1-0: TRIPLE (Flyball, 7D)
Jerry Browning scores
Batting: RHB Tommy Allen 0-0: Foul Ball, location: 2F
0-1: Foul Ball, location: 2F
0-2: Foul Ball, location: 2F
0-2: Foul Ball, location: 2F
0-2: SINGLE (Line Drive, 34D)
Esteban Aliaga scores
Batting: SHB Jacob Wilcox 0-0: Called Strike
0-1: Fly out, F8 (Flyball, 78M)
Top of the 5th over - 7 runs, 6 hits, 0 errors, 1 left on base; Casper 13 - Menlo 2
BOTTOM OF THE 5TH
Menlo Maniacs batting - Pitching for Casper Ghosts : LHP Sam Olson
Batting: RHB Glenn Carter 0-0: Ball
1-0: Swinging Strike
1-1: Foul Ball, location: 2F
1-2: Foul Ball, location: 2F
1-2: Strikes out swinging
Batting: RHB Joe Smith 0-0: Ball
1-0: Fly out, F6 (Popup, P)
Batting: RHB Jimmy Skinner 0-0: Fly out, F6 (Line Drive, 6)
Bottom of the 5th over - 0 runs, 0 hits, 0 errors, 0 left on base; Casper 13 - Menlo 2
TOP OF THE 6TH
Casper Ghosts batting - Pitching for Menlo Maniacs : RHP Wayne Todd
Batting: RHB Troy Reed 0-0: Ball
1-0: Ground out 6-3 (Groundball, 56)
Pitching: RHP Jesús Martínez
Pinch Hitting: RHB Robert Acosta 0-0: Called Strike
0-1: Foul Ball, location: 2F
0-2: Ground out 5-3 (Groundball, 56)
Batting: RHB Jorge Calderón 0-0: Called Strike
0-1: Foul Ball, location: 2F
0-2: Strikes out swinging
Top of the 6th over - 0 runs, 0 hits, 0 errors, 0 left on base; Casper 13 - Menlo 2
BOTTOM OF THE 6TH
Menlo Maniacs batting - Pitching for Casper Ghosts : LHP Sam Olson
Now at SS: Robert Acosta
Batting: LHB Tim Ramsey 0-0: Ball
1-0: Ball
2-0: Ball
3-0: Base on Balls
Batting: LHB Marcos Vázquez 0-0: Called Strike
Tim Ramsey steals 2nd base
0-1: Foul Ball, location: 2F
0-2: Strikes out swinging
Batting: LHB Dave Lee 0-0: Ball
Tim Ramsey steals 3rd base
1-0: Fly out, F7 (Line Drive, 7LS)
Runner from 3rd tags up, SCORES, no throw
Batting: RHB José Méndez 0-0: Ball
1-0: Ball
2-0: Ball
3-0: Base on Balls
Batting: LHB Ken Smith 0-0: Ball
1-0: Ground out 1-3 (Groundball, 15S)
Bottom of the 6th over - 1 run, 0 hits, 0 errors, 1 left on base; Casper 13 - Menlo 3
TOP OF THE 7TH
Casper Ghosts batting - Pitching for Menlo Maniacs : RHP Jesús Martínez
Batting: RHB Miguel Toro 0-0: Swinging Strike
0-1: Foul Ball, location: 2F
0-2: Strikes out looking
Batting: LHB Luis Rodríguez 0-0: Called Strike
0-1: Called Strike
0-2: Ball
1-2: Foul Ball, location: 2F
1-2: Ball
2-2: Fly out, F8 (Flyball, 78M)
Batting: RHB Jerry Browning 0-0: Ball
1-0: Swinging Strike
1-1: Ground out 4-3 (Groundball, 4)
Top of the 7th over - 0 runs, 0 hits, 0 errors, 0 left on base; Casper 13 - Menlo 3
BOTTOM OF THE 7TH
Menlo Maniacs batting - Pitching for Casper Ghosts : LHP Sam Olson
Batting: RHB Dani Torres 0-0: Fly out, F7 (Flyball, 7LMF)
Batting: RHB Glenn Carter 0-0: Foul Ball, location: 2F
0-1: Ball
1-1: SINGLE (Groundball, 6MD)
Batting: RHB Joe Smith 0-0: Ball
1-0: Grounds into double play, 3-6-4 (Groundball, 34)
Bottom of the 7th over - 0 runs, 1 hit, 0 errors, 0 left on base; Casper 13 - Menlo 3
TOP OF THE 8TH
Casper Ghosts batting - Pitching for Menlo Maniacs : RHP Jesús Martínez
Batting: SHB Esteban Aliaga 0-0: Ball
1-0: Ball
2-0: Ball
3-0: Called Strike
3-1: Base on Balls
Batting: RHB Tommy Allen 0-0: Ball
1-0: Ball
2-0: Ball
3-0: Called Strike
3-1: Called Strike
3-2: Base on Balls
Esteban Aliaga to second
Batting: SHB Jacob Wilcox 0-0: Ball
1-0: Ball
2-0: Called Strike
2-1: Called Strike
2-2: Foul Ball, location: 2F
2-2: Hit by Pitch
Esteban Aliaga to third
Tommy Allen to second
Batting: RHB Troy Reed 0-0: Called Strike
0-1: Ball
1-1: Foul Ball, location: 2F
1-2: Foul Ball, location: 2F
1-2: Ground out U3 (Groundball, 34S)
Esteban Aliaga scores
Tommy Allen to third
Jacob Wilcox to second
Batting: RHB Robert Acosta 0-0: SINGLE (Groundball, 4MD)
Tommy Allen scores
Jacob Wilcox to third
Runner from 3rd tries for Home, SAFE, no throw
Batting: RHB Jorge Calderón 0-0: Called Strike
0-1: Swinging Strike
0-2: Strikes out swinging
Batting: RHB Miguel Toro 0-0: Called Strike
0-1: Ball
1-1: Hit by Pitch
Robert Acosta to second
Pinch Runner at 1st George Flanagan:
Batting: LHB Luis Rodríguez 0-0: Swinging Strike
0-1: Fly out, F8 (Flyball, 8RS)
Top of the 8th over - 3 runs, 1 hit, 0 errors, 2 left on base; Casper 16 - Menlo 3
BOTTOM OF THE 8TH
Menlo Maniacs batting - Pitching for Casper Ghosts : LHP Sam Olson
Now at 2B: George Flanagan
Batting: RHB Jimmy Skinner 0-0: Called Strike
0-1: Swinging Strike
0-2: Ball
1-2: SINGLE (Groundball, 6D)
Batting: LHB Tim Ramsey 0-0: Called Strike
0-1: Ground out 6-3 (Groundball, 4MS)
Jimmy Skinner to second
Batting: LHB Marcos Vázquez 0-0: Called Strike
0-1: Swinging Strike
0-2: Foul Ball, location: 2F
0-2: 2-RUN HOME RUN (Flyball, 7LD), Distance : 360 ft
Batting: LHB Dave Lee 0-0: Ball
1-0: Called Strike
1-1: Ball
2-1: Foul Ball, location: 2F
2-2: Foul Ball, location: 2F
2-2: Strikes out swinging, 2-3 out at first.
Batting: RHB José Méndez 0-0: SINGLE (Line Drive, 78S)
Pitching: LHP Juan Martínez
Batting: LHB Ken Smith 0-0: Foul Ball, location: 2F
0-1: Ground out U3 (Groundball, 3S)
Bottom of the 8th over - 2 runs, 3 hits, 0 errors, 1 left on base; Casper 16 - Menlo 5
TOP OF THE 9TH
Casper Ghosts batting - Pitching for Menlo Maniacs : RHP Jesús Martínez
Batting: RHB Jerry Browning 0-0: Ball
1-0: Ground out 5-3 (Groundball, 5)
Batting: SHB Esteban Aliaga 0-0: Ball
1-0: Swinging Strike
1-1: Foul Ball, location: 2F
1-2: Ball
2-2: Strikes out swinging
Batting: RHB Tommy Allen 0-0: Called Strike
0-1: DOUBLE (Line Drive, 7LS)
Batting: SHB Jacob Wilcox 0-0: Ball
1-0: Called Strike
1-1: Ball
2-1: Ball
3-1: Called Strike
3-2: Foul Ball, location: 2F
3-2: Base on Balls
Batting: RHB Troy Reed Balk!
Tommy Allen to third
Jacob Wilcox to second
0-0: Ground out 4-3 (Groundball, 4)
Top of the 9th over - 0 runs, 1 hit, 0 errors, 2 left on base; Casper 16 - Menlo 5
BOTTOM OF THE 9TH
Menlo Maniacs batting - Pitching for Casper Ghosts : LHP Juan Martínez
Batting: RHB Dani Torres 0-0: Ball
1-0: Ball
2-0: Called Strike
2-1: Ball
3-1: Base on Balls
Batting: RHB Glenn Carter 0-0: Fly out, F8 (Flyball, 8LD)
Batting: RHB Joe Smith 0-0: Foul Ball, location: 2F
0-1: SINGLE (Line Drive, 7S)
Dani Torres to second
Dani Torres to third
Batting: RHB Jimmy Skinner 0-0: Ball
1-0: Ball
2-0: Swinging Strike
2-1: Called Strike
2-2: SINGLE (Groundball, 56S) (infield hit)
Dani Torres scores
Joe Smith to second
Pinch Runner at 1st Byron Bracy:
Batting: LHB Tim Ramsey 0-0: Ball
1-0: Foul Ball, location: 2F
1-1: Swinging Strike
1-2: Strikes out looking
Pinch Hitting: RHB Clinton Barton 0-0: Ball
1-0: SINGLE (Line Drive, 56)
Joe Smith to third
Byron Bracy to second
Batting: LHB Dave Lee 0-0: Foul Ball, location: 2F
0-1: Called Strike
0-2: Strikes out swinging
Bottom of the 9th over - 1 run, 3 hits, 0 errors, 3 left on base; Casper 16 - Menlo 6
Saturday, April 7th, 2018 - OOTP Baseball 18.8 Build 76